 Dungeon Crawl Stone Soup version 0.19-a0-1127-gac58878 (webtiles) character file.

145 rlgrobin the Insei (level 5, -4/27 HPs)
             Began as a Vine Stalker Monk on Aug 12, 2016.
             Killed from afar by Xiguana's ghost (7 damage)
             ... with a magic dart
             ... on level 3 of the Dungeon.
             The game lasted 00:08:36 (1933 turns).

rlgrobin the Insei (Vine Stalker Monk)              Turns: 1933, Time: 00:08:37

Health: -4/27      AC:  9    Str: 15    XL:     5   Next: 27%
Magic:  0/6        EV:  6    Int: 10    God:
Gold:   47         SH:  0    Dex: 16    Spells: 0 memorised, 4 levels left

rFire  . . .     SeeInvis .       - Unarmed
rCold  . . .     Gourm    .     l - +0 chain mail
rNeg   . . .     Faith    .     (no shield)
rPois  .         Spirit   +     (no helmet)
rElec  .         Dismiss  .     (no cloak)
rCorr  .         Reflect  .     (no gloves)
SustAt .         Harm     .     d - +0 pair of boots
MR     .....                    (no amulet)
Stlth  ..........               (no ring)
                                (no ring)

@: heavily drained
A: fangs 2, regeneration 1, magic shield, antimagic bite, no device heal 3, rot
immunity
a: no special abilities


You were on level 3 of the Dungeon.
You were not hungry.

You visited 1 branch of the dungeon, and saw 3 of its levels.

You collected 47 gold pieces.


Innate Abilities, Weirdness & Mutations

You have extremely sharp teeth.
Your natural rate of healing is unusually fast.
When hurt, damage is shared between your health and your magic reserves.
Your bite disrupts and absorbs the magic of your enemies.
Potions and wands cannot restore your health.
You are immune to rotting.


   Skills:
 - Level 2.6(1.5) Fighting
 - Level 2.4(1.3) Dodging
 - Level 2.4(1.3) Stealth
 + Level 5.8(4.6) Unarmed Combat


You had 4 spell levels left.
You didn't know any spells.

Inventory:

Missiles
 r - 2 throwing nets (quivered) {=f}
Armour
 d - a +0 pair of boots (worn)
 l - a +0 chain mail (worn)
Potions
 a - 2 potions of lignification {!q}
 f - 3 potions of curing {@q1}
 g - a potion of brilliance
 m - a potion of flight
 o - a potion of agility {unknown}
 q - a potion of magic
Comestibles
 b - 2 bread rations
 k - a meat ration

Dungeon Overview and Level Annotations

Branches:
Dungeon (3/15)

Altars:
Elyvilon
Uskayaw

Annotations:
D:3 Xiguana's ghost, amateur TeCj

.......o...w▒▒...▒
..▒▒▒▒▒▒▒▒▒.▒▒..▒
▒ .. ▒....▒▒▒..▒▒
. ▒▒..........▒▒ .
▒ ▒..▒.▒▒▒▒▒▒..▒
....▒..▒▒▒▒....▒
.........)....▒▒▒▒
..▒▒▒▒▒.▒▒▒W.....▒
▒ ...▒▒f.......▒
▒.▒▒▒▒..........
.. ▒.......... .
▒..........
▒..........
▒......(...
.▒........▒
....(.....


You could see Xiguana's ghost.


Message History

The orb of energy explodes!
Okay, then.
You closely miss Xiguana's ghost. Your bite misses Xiguana's ghost.
Xiguana's ghost is heavily damaged.
Xiguana's ghost closely misses you.
You hit Xiguana's ghost but do no damage.
You bite Xiguana's ghost, but do no damage.
Xiguana's ghost is heavily damaged.
You miss Xiguana's ghost.
Xiguana's ghost is heavily damaged.
Xiguana's ghost whispers, "The ORB doesn't exist."
Xiguana's ghost closely misses you.
You see here a hobgoblin corpse.
Your chain mail prevents you from hitting Xiguana's ghost.
Your bite misses Xiguana's ghost.
Xiguana's ghost is heavily damaged.
Xiguana's ghost hits you.
You feel drained.
You closely miss Xiguana's ghost. Your bite misses Xiguana's ghost.
Xiguana's ghost is heavily damaged.
Xiguana's ghost hits you but does no damage.
You feel drained.
You hit Xiguana's ghost but do no damage.
Your bite misses Xiguana's ghost.
Xiguana's ghost is heavily damaged.
Xiguana's ghost points at you and mumbles some strange words.
The magic dart hits you!
You die...

Action                   |  1- 3 |  4- 6 || total
-------------------------+-------+-------++-------
Melee: Unarmed           |    84 |   105 ||   189
       Bite              |    24 |    28 ||    52
       Punch             |     1 |     1 ||     2
  Use: Scroll            |       |    11 ||    11
 Stab: Sleeping          |     3 |     1 ||     4
  Eat: Chunk             |       |     3 ||     3
Armor: Robe              |     6 |       ||     6
       Leather armour    |     9 |     1 ||    10
       Chain mail        |       |    46 ||    46
Dodge: Dodged            |    54 |    33 ||    87

Vault maps used:
D:1:      minmay_arrival_doors
D:2:      dancing_weapons_uskayaw, marbit_many_paths
D:3:      kennysheep_slugbush, tgw_trog

Notes
Turn   | Place    | Note
-------+----------+-------------------------------------------
     0 | D:1      | rlgrobin the Vine Stalker Monk began the quest for the Orb.
     0 | D:1      | Reached XP level 1. HP: 11/11 MP: 2/2
    77 | D:1      | HP: 1/11 [hobgoblin (4)]
   153 | D:1      | Reached XP level 2. HP: 11/16 MP: 1/3
   520 | D:2      | Reached skill level 4 in Unarmed Combat
   523 | D:2      | Found a white marble altar of Elyvilon.
   568 | D:2      | Reached XP level 3. HP: 19/19 MP: 4/4
   817 | D:2      | Noticed a dagger
   817 | D:2      | Noticed a hand axe
   853 | D:2      | Found a hide-covered altar of Uskayaw.
   872 | D:2      | Reached XP level 4. HP: 18/23 MP: 3/5
   946 | D:2      | Reached skill level 5 in Unarmed Combat
  1542 | D:1      | Reached XP level 5. HP: 27/27 MP: 6/6
  1912 | D:3      | Noticed Xiguana's ghost (amateur TeCj)
  1926 | D:3      | HP: 1/27 [Xiguana's ghost/orb of energy (20)]
  1933 | D:3      | Killed from afar by Xiguana's ghost

Vanquished Creatures
  2 gnolls
  5 adders
  2 oozes (D:1)
  3 worms
  2 dart slugs
  3 giant geckos
  An orc (D:3)
  4 giant cockroaches
  7 goblins
  6 hobgoblins
  3 jackals (D:3)
  7 kobolds
  A ball python (D:1)
  4 bats
  3 giant newts (D:1)
  3 rats
56 creatures vanquished.

Vanquished Creatures (others)
  A hobgoblin (D:3)
1 creature vanquished.

Grand Total: 57 creatures vanquished
